 Dungeon Crawl Stone Soup version 0.21.0 (webtiles) character file.

497 Timinator the Insei (level 6, -4/48 HPs)
             Began as a Vampire Transmuter on Mar 20, 2018.
             Slain by an ogre
             ... wielding a +0 giant club
              (20 damage)
             ... on level 4 of the Dungeon.
             The game lasted 00:23:35 (2654 turns).

Timinator the Insei (Vampire Transmuter)            Turns: 2654, Time: 00:23:35

Health: -4/48      AC:  8    Str: 10    XL:     6   Next: 93%
Magic:  8/9        EV: 14    Int: 16    God:
Gold:   142        SH:  3    Dex: 15    Spells: 3/9 levels left

rFire    . . .     SeeInvis +     - Unarmed
rCold    . . .     Gourm    .   (no shield)
rNeg     . . .     Faith    .   b - +0 robe
rPois    .         Spirit   .   g - +0 helmet
rElec    .         Reflect  +   a - +0 cloak
rCorr    .         Harm     .   k - +1 pair of gloves
MR       .....                  (boots currently unavailable)
Stlth    +.........             m - +3 amulet of reflection
HPRegen  0.36/turn              j - +2 ring of protection
MPRegen  0.11/turn              (no ring)

@: appendage, regenerating quickly
A: fangs 3, talons 3, see invisible, unbreathing
a: End Transformation


You were on level 4 of the Dungeon.
You were full.
You had grown temporary talons.
You visited 1 branch of the dungeon, and saw 4 of its levels.

You collected 142 gold pieces.

Inventory:

Armour
 a - a +0 cloak (worn)
 b - a +0 robe (worn)
 g - a +0 helmet (worn)
 k - a +1 pair of gloves (worn)
Jewellery
 j - a +2 ring of protection (left hand)
 m - a +3 amulet of reflection (around neck)
Wands
 t - a wand of random effects (34)
Scrolls
 f - 2 scrolls of remove curse {unknown}
 i - a scroll of blinking {unknown}
 l - a scroll of immolation {unknown}
 n - a scroll of enchant weapon {unknown}
 o - 2 scrolls of noise {unknown}
 p - a scroll of enchant armour
 r - 3 scrolls of identify
 s - a scroll of fog {unknown}
 u - a scroll of teleportation {unknown}
Potions
 d - 24 potions of blood
 e - a potion of lignification
 h - a potion of magic
 q - 2 potions of curing
 v - a potion of berserk rage
Books
 c - a book of Changes

   Spells                             Type                      Level
   a - Beastly Appendage              Transmutation                1
   b - Sticks to Snakes               Transmutation                2
   c - Spider Form                    Transmutation/Poison         3
   d - Ice Form                       Ice/Transmutation            4
   e - Blade Hands                    Transmutation                5


   Skills:
 + Level 3.9 Fighting
 + Level 3.9 Dodging
 + Level 5.0 Unarmed Combat
 - Level 2.0 Spellcasting
 + Level 4.4 Transmutations


You had 3 spell levels left.
You knew the following spells:

 Your Spells              Type           Power        Failure   Level  Hunger
a - Beastly Appendage     Tmut           ###...       3%          1    #......
b - Blade Hands           Tmut           ###.......   67%         5    ######.


Dungeon Overview and Level Annotations

Branches:
Dungeon (4/15)
 Temple: D:4-7

Altars:
Dithmenos
Fedhas
Wu Jian


Innate Abilities, Weirdness & Mutations

Your natural rate of healing is unusually fast.
You have razor-sharp teeth.
You have supernaturally acute eyesight. (SInv)
You can survive without breathing.
You have claws for feet.


Message History

You bottle the corpse's blood.
d - 24 potions of blood (gained 1)
You see here a frilled lizard skeleton.
Found a stone staircase leading down.
Found 19 sling bullets.
An ogre comes into view. It is wielding a giant club.
The ogre shouts!
There is a stone staircase leading down here.
Found a stone staircase leading up.
Casting: Beastly Appendage
Confirm with . or Enter, or press ? or * to list all spells.
Your feet morph into talons.
You punch the ogre! You bite the ogre, but do no damage.
The ogre is moderately wounded.
The ogre hits you with a giant club!!
Ouch! That really hurt!
You barely miss the ogre. You claw the ogre.
The ogre is heavily wounded.
The ogre hits you with a giant club!!
You die...

#.# #.#....# ...
#..... #.#
#.#.#### ..
#....... #.# #...#
. ##......
#.####[.##
........ #...##.##
# ..#####.##
##.....# .# <..
#.. #.....# #.#(.#
## #...#.#
#####.....#
#...#.#####.>.@O.#
####...........###
######..###..#####
#..รท........##
#.....#.#####
#.....#.#
#....##.#
#....##.#
#....##.#


You could see an ogre.

Vanquished Creatures
  Purgy (D:3)
  A hound (D:4)
  Ijyb (D:3)
  An iguana (D:4)
  An orc wizard (D:3)
  Natasha (thrice) (D:3)
  A worker ant (D:2)
  A hound skeleton (D:4)
  Robin (D:3)
  6 adders
  An ooze (D:1)
  3 worms (D:2)
  A dart slug (D:1)
  3 leopard geckos
  9 orcs
  10 bats
  5 giant cockroaches
  14 goblins
  6 hobgoblins
  7 jackals
  11 kobolds
  2 quokkas
  3 frilled lizards
  7 rats
99 creatures vanquished.

Notes
Turn   | Place    | Note
-------+----------+-------------------------------------------
     0 | D:1      | Timinator the Vampire Transmuter began the quest for the Orb.
     0 | D:1      | Reached XP level 1. HP: 14/14 MP: 3/3
    21 | D:1      | Reached skill level 1 in Fighting
   135 | D:1      | Reached XP level 2. HP: 13/22 MP: 5/5
   418 | D:1      | Reached XP level 3. HP: 25/28 MP: 6/6
   788 | D:2      | Found an ornate altar of the Wu Jian Council.
  1168 | D:2      | Reached XP level 4. HP: 34/34 MP: 5/7
  1497 | D:3      | Noticed Purgy
  1523 | D:3      | Killed Purgy
  1523 | D:3      | Reached skill level 4 in Unarmed Combat
  1523 | D:3      | Reached XP level 5. HP: 25/41 MP: 8/8
  1585 | D:3      | Noticed Robin
  1600 | D:3      | Killed Robin
  1659 | D:3      | Found a shadowy altar of Dithmenos.
  1740 | D:3      | Found a blossoming altar of Fedhas.
  1990 | D:3      | Reached XP level 6. HP: 47/47 MP: 7/9
  1991 | D:3      | Noticed Ijyb
  2028 | D:3      | Learned a level 5 spell: Blade Hands
  2036 | D:3      | Killed Ijyb
  2225 | D:3      | Noticed Natasha
  2232 | D:3      | Killed Natasha
  2383 | D:3      | Noticed Natasha
  2393 | D:3      | Killed Natasha
  2426 | D:3      | Noticed Natasha
  2443 | D:3      | Killed Natasha
  2576 | D:4      | Reached skill level 5 in Unarmed Combat
  2654 | D:4      | Slain by an ogre

Skill      XL: |  1  2  3  4  5  6 |
---------------+-------------------+-----
Fighting       | 1 2 3 |  3.9
Dodging        | 3 |  3.9
Unarmed Combat | 4 5 |  5.0
Transmutations | 3 4 |  4.4
Spellcasting   | |  2.0

Action                   |  1- 3 |  4- 6 || total
-------------------------+-------+-------++-------
Melee: Unarmed           |   137 |   189 ||   326
       Kick              |    13 |    34 ||    47
       Bite              |     3 |    19 ||    22
       Headbutt          |     2 |       ||     2
       Punch             |       |     7 ||     7
 Cast: Beastly Appendage |    10 |    21 ||    31
       Blade Hands       |       |     1 ||     1
 Abil: Bat Form          |     2 |     2 ||     4
       End Transformatio |       |     1 ||     1
  Use: Potion            |       |    10 ||    10
       Scroll            |       |     3 ||     3
 Stab: Sleeping          |     7 |     3 ||    10
  Eat: Corpse            |     5 |     5 ||    10
Armor: Robe              |    21 |    33 ||    54
Dodge: Dodged            |    73 |   104 ||   177
Block: Other             |     3 |    15 ||    18
       Reflection        |     1 |       ||     1
